 Dungeon Crawl Stone Soup version 0.28.0-49-g6dfe1f597d (webtiles) character file.

Game seed: 11304081201726026170

45 issech the Chucker (level 3, -2/25 HPs)
             Began as a Gnoll Wanderer on May 18, 2022.
             Killed by divine providence
             ... invoked by an orc priest
              (14 damage)
             ... on level 2 of the Dungeon.
             The game lasted 00:05:05 (2305 turns).

issech the Chucker (Gnoll Wanderer)                 Turns: 2305, Time: 00:05:05

Health: -2/25      AC:  6    Str: 15    XL:     3   Next: 64%
Magic:  9/9        EV:  9    Int: 11    God:
Gold:   67         SH:  0    Dex:  9    Spells: 11/12 levels left

rFire   . . .      SeeInvis .   k - +3 dagger
rCold   . . .      Faith    .   (no shield)
rNeg    . . .      Spirit   .   r - +0 scale mail
rPois   .          Reflect  .   (no helmet)
rElec   .          Harm     .   (no cloak)
rCorr   .          Rampage  .   (no gloves)
Will    .....                   (no boots)
Stlth   ..........              (no amulet)
HPRegen 0.08/turn               (no ring)
MPRegen 0.11/turn               (no ring)

@: no status effects
A: fangs 1, strong nose, distributed training
a: no special abilities


You were on level 2 of the Dungeon.
You visited 1 branch of the dungeon, and saw 3 of its levels.

You collected 67 gold pieces.

Inventory:

Hand Weapons
 a - a +2 dagger
 g - a +0 short sword
 i - a +0 hunting sling
 j - a +0 club
 k - a +3 dagger (weapon)
 p - a +0 whip
 q - a +0 shortbow
Missiles
 b - 4 curare-tipped darts
 d - 11 poisoned darts
 e - 12 arrows
 h - 42 stones (quivered)
 o - 6 atropa-tipped darts
Armour
 c - a +0 ring mail
 r - a +0 scale mail (worn)
Scrolls
 l - 2 scrolls of blinking
 m - a scroll of fear {unknown}
 n - a scroll of identify {unknown}
 s - a scroll of brand weapon {unknown}
Potions
 f - a potion of might {unknown}


   Skills:
 + Level 0.9 Fighting
 + Level 0.9 Short Blades
 + Level 0.9 Long Blades
 + Level 0.9 Axes
 + Level 0.9 Maces & Flails
 + Level 0.9 Polearms
 + Level 0.9 Staves
 + Level 0.9 Slings
 + Level 0.9 Bows
 + Level 0.9 Crossbows
 + Level 6.5 Throwing
 + Level 2.6 Armour
 + Level 0.9 Dodging
 + Level 2.4 Stealth
 + Level 0.9 Shields
 + Level 0.9 Unarmed Combat
 + Level 5.0 Spellcasting
 + Level 0.6 Conjurations
 + Level 0.6 Hexes
 + Level 0.6 Summonings
 + Level 0.6 Necromancy
 + Level 3.8 Translocations
 + Level 0.6 Transmutations
 + Level 0.6 Fire Magic
 + Level 0.6 Ice Magic
 + Level 0.6 Air Magic
 + Level 0.6 Earth Magic
 + Level 0.6 Poison Magic
 + Level 2.7 Invocations
 + Level 0.9 Evocations


You had 11 spell levels left.
You knew the following spells:

 Your Spells              Type           Power      Damage    Failure   Level
a - Apportation           Tloc           22%        N/A       17%         1

Your spell library contained the following spells:

 Spells                   Type           Power      Damage    Failure   Level
 Gell's Gravitas          Tloc           11%        N/A       45%         3
 Animate Skeleton         Necr           8%         N/A       54%         1
 Pain                     Necr           16%        1d4       54%         1
 Summon Small Mammal      Summ           16%        N/A       54%         1
 Ensorcelled Hibernation  Hex/Ice        8%         N/A       67%         2
 Passwall                 Tmut/Erth      3%         N/A       67%         2
 Passage of Golubria      Tloc           11%        N/A       86%         4
 Swiftness                Air            4%         N/A       88%         3
 Vampiric Draining        Necr           4%         2d6       88%         3
 Blade Hands              Tmut           2%         N/A       100%        5
 Irradiate                Conj/Tmut      2%         3d14      100%        5
 Silence                  Hex/Air        2%         N/A       100%        5
 Dragon Form              Tmut           2%         N/A       100%        7
 Lehudib's Crystal Spear  Conj/Erth      2%         10d2      100%        8


Dungeon Overview and Level Annotations

Branches:
Dungeon (3/15)

Altars:


Innate Abilities, Weirdness & Mutations

You have very sharp teeth.
Your uncanny sense of smell can sniff out nearby items.
Your experience applies equally to all skills.


Message History

Found a stone staircase leading down.
You see here 9 gold pieces.
There is a stone staircase leading down here.
The orc hits you with a +0 whip.
* * * LOW HITPOINT WARNING * * *
You climb downwards.
There is a stone staircase leading up here.
You barely miss the orc. The orc hits you but does no damage.
You closely miss the orc. The orc hits you but does no damage.
You barely miss the orc. The orc hits you but does no damage.
You hit the orc.
The orc is lightly wounded.
The orc closely misses you.
You closely miss the orc.
The orc is lightly wounded.
The orc hits you with a +0 whip.
* * * LOW HITPOINT WARNING * * *
You barely miss the orc.
The orc is lightly wounded.
The orc hits you but does no damage.
You hit the orc.
You kill the orc!
Things that are here:
a +0 whip; an orc corpse You start resting.
HP restored.
There is a stone staircase leading up here.
You climb upwards.
The orc barely misses you.
The orc priest enters a dispersal trap!
The orc blinks! x2; You blink.
The orc priest blinks!
The orc hits you but does no damage.
You see here 9 gold pieces.
You can't go down here!
Unknown command.
The orc priest invokes the aid of Beogh against you.
Beogh smites you! The orc hits you with a +0 dagger.
The orc priest looks satisfied for a moment.
The orc priest mumbles some strange prayers to Beogh against you.
Beogh smites you!
Ouch! That really hurt!
You die...

#.# ###..#..##.
###############.#
#..........
+......oo.....#.#
#.#.<#.....
∆##.o#########...#
#.#...#####
#.........###..# #.....
####..........##..#
......##
..##..........$#..#
.......#
#.##..........⌠#..#
........
..##..........$#@.#
##....##.#
..##..........##..#
###### .#
.###.........###oo#
.###..#########...#
..##.............o######
#.##...................#
#.....# #####.........#
#####.# #.........# #.#
#..$^.....#


You could see an orc priest and 2 orcs.

Vanquished Creatures
  An adder (D:2)
  A dart slug (D:2)
  An orc (D:3)
  6 endoplasms
  A goblin (D:1)
  3 hobgoblins
  4 jackals (D:1)
  A ball python (D:1)
  5 bats
  2 frilled lizards
  3 kobolds
  6 rats
34 creatures vanquished.

Notes
Turn   | Place    | Note
-------+----------+-------------------------------------------
     0 | D:1      | issech the Gnoll Wanderer began the quest for the Orb.
     0 | D:1      | issech set off with the following items: a +2 dagger, 4
                  | curare-tipped darts, a +0 ring mail; and the following
                  | spell memorised: Apportation; and the following spells
                  | available to memorise: Gell's Gravitas
     0 | D:1      | Reached XP level 1. HP: 13/13 MP: 6/6
   149 | D:1      | Reached XP level 2. HP: 17/19 MP: 7/7
   839 | D:1      | Found a faded altar of an unknown god.
  1495 | D:2      | Reached XP level 3. HP: 25/25 MP: 9/9
  1505 | D:2      | Reached skill level 5 in Spellcasting
  2305 | D:2      | Killed from afar by an orc priest

Illustrated notes

Levels and vault maps discovered:
D:1:      kennysheep_arrival_forest, layout_loops_ring,
          hellmonk_ecumenical_altar_run_dry
D:2:      cheibrodos_pilgrimage, layout_basic, due_unseen_surprise
D:3:      minmay_bubble_buster, layout_basic, dk_noncrumbling_2,
          chequers_arboretum, hex_medium, uniq_crazy_yiuf_cottage, uniq_natasha

Skill      XL: |  1  2  3 |
---------------+----------+-----
Spellcasting   | 5 |  5.0
Fighting       | |  0.9
Short Blades   | |  0.9
Long Blades    | |  0.9
Axes           | |  0.9
Maces & Flails | |  0.9
Polearms       | |  0.9
Staves         | |  0.9
Slings         | |  0.9
Bows           | |  0.9
Crossbows      | |  0.9
Throwing       | |  6.5
Armour         | |  2.6
Dodging        | |  0.9
Stealth        | |  2.4
Shields        | |  0.9
Unarmed Combat | |  0.9
Conjurations   | |  0.6
Hexes          | |  0.6
Summonings     | |  0.6
Necromancy     | |  0.6
Translocations | |  3.8
Transmutations | |  0.6
Fire Magic     | |  0.6
Ice Magic      | |  0.6
Air Magic      | |  0.6
Earth Magic    | |  0.6
Poison Magic   | |  0.6
Invocations    | |  2.7
Evocations     | |  0.9

Action                   || total
-------------------------++-------
Melee: Dagger            ||   110
       Bite              ||     5
       Punch             ||     1
Throw: Stone             ||    10
  Use: Scroll            ||     1
Armor: Ring mail         ||    36
       Scale mail        ||     7
Dodge: Dodged            ||    55
